 Dungeon Crawl Stone Soup version 0.28.0-53-g5a82cb258f (webtiles) character file.

Game seed: 4981982036450870014

894 dranuc9 the Destroyer (level 7, 0/38 HPs)
             Began as a Deep Elf Conjurer on July 12, 2022.
             Succumbed to a hornet's poison
             ... on level 5 of the Dungeon on July 13, 2022.
             The game lasted 00:40:19 (6251 turns).

dranuc9 the Destroyer (Deep Elf Conjurer)           Turns: 6251, Time: 00:40:20

Health: 0/38       AC:  2    Str:  2 (4)  XL:     7   Next: 78%
Magic:  10/19      EV: 12    Int: 24 (25) God:
Gold:   164        SH:  0    Dex: 10 (13) Spells: 17/20 levels left

rFire   . . .      SeeInvis .   h - +2 dagger (flame)
rCold   . . .      Faith    .   (no shield)
rNeg    . . .      Spirit   .   a - +0 robe
rPois   .          Reflect  .   (no helmet)
rElec   .          Harm     .   (no cloak)
rCorr   .          Rampage  .   (no gloves)
Will    .....                   (no boots)
Stlth   ++........              (no amulet)
HPRegen 0.12/turn               (no ring)
MPRegen 0.16/turn               (no ring)

@: lethally poisoned (0 -> -2)
A: no striking features
a: no special abilities


You were on level 5 of the Dungeon.
You visited 1 branch of the dungeon, and saw 5 of its levels.

You collected 164 gold pieces.

Inventory:

Hand Weapons
 d - a +2 dagger of venom
 h - a +2 dagger of flaming (weapon)
 j - a +0 shortbow
Missiles
 l - 4 poisoned darts
Armour
 a - a +0 robe (worn)
Jewellery
 t - a ring of resist corrosion
 u - a ring of protection from cold
Wands
 k - a wand of digging (4)
Scrolls
 b - a scroll of blinking {unknown}
 c - a scroll of enchant armour {unknown}
 e - a scroll of immolation {unknown}
 f - 5 scrolls of vulnerability {unknown}
 i - 2 scrolls of teleportation {unknown}
 o - 2 scrolls of fear {unknown}
 p - a scroll of enchant weapon {unknown}
 s - a scroll of brand weapon {unknown}
Potions
 g - 2 potions of degeneration
 m - a potion of mutation {unknown}
 n - a potion of cancellation {unknown}
 q - a potion of heal wounds {unknown}
 r - 2 potions of invisibility {unknown}


   Skills:
 + Level 1.3 Fighting
 + Level 0.3 Short Blades
 + Level 3.2 Dodging
 + Level 4.2 Stealth
 + Level 7.3 Spellcasting
 + Level 8.0 Conjurations


You had 17 spell levels left.
You knew the following spells:

 Your Spells              Type           Power      Damage    Failure   Level
a - Magic Dart            Conj           100%       1d8       1%          1
b - Searing Ray           Conj           94%        2d7       1%          2

Your spell library contained the following spells:

 Spells                   Type           Power      Damage    Failure   Level
 Dazzling Flash           Conj/Hex       56%        N/A       4%          3
 Fulminant Prism          Conj/Hex       14%        3d9       13%         4
 Iskenderun's Mystic Bla  Conj/Tloc      28%        2d7       13%         4


Dungeon Overview and Level Annotations

Branches:
Dungeon (5/15)
 Temple: D:4-7

Altars:
Hepliaklqana
Makhleb
Qazlal
Wu Jian
Xom
Zin
The Shining One

Shops:
D:4 :?((=   D:5 *

Annotations:
D:4 1 runed translucent door, DocClef's ghost, amateur GnFE


Message History

* * * LOW HITPOINT WARNING * * *
You feel very sick. The hornet stings you.
* * * LOW HITPOINT WARNING * * *
You feel as though you will be slow longer.
* * * LOW HITPOINT WARNING * * *
You feel sick. The hornet barely misses you. The hornet completely misses you.
You can move again.
Casting: Searing Ray (safe; 1% risk of failure)
Confirm with . or Enter, or press ? or * to list all spells.
Aiming: Searing Ray (safe; 1% risk of failure)
Press: ? - help, Shift-Dir - straight line, f/p - hornet
Aim: a hornet (almost dead, 73% to hit)
The searing ray hits the hornet.
The hornet is almost dead. (Press . to maintain the ray.)
You feel yourself speed up.
* * * LOW HITPOINT WARNING * * *
You feel sick. The hornet completely misses you. The hornet barely misses you.
Unknown command.
Unknown command.
Casting: Searing Ray (safe; 1% risk of failure)
Confirm with . or Enter, or press ? or * to list all spells.
Restarting spell: Searing Ray (safe; 1% risk of failure)
Press: ? - help, Shift-Dir - straight line, f/p - hornet
Aim: a hornet (almost dead, 73% to hit)
The searing ray hits the hornet.
You kill the hornet! (Press . to maintain the ray.)
* * * LOW HITPOINT WARNING * * *
You feel sick.
Your Spellcasting skill increases to level 7!
Your Conjurations skill increases to level 8!
Unknown command.
It was a potion of degeneration.
There was something very wrong with that liquid.
You feel weakened.
You feel dopey.
You feel clumsy.
* * * LOW HITPOINT WARNING * * *
You feel sick.
You die...

##..........## ##
#......#....#####.
##............##..
#................
####.............
######## ##..........##
##..../.## ##........##
#....$...# ##.......#
..)..#..@#####........#
.≈≈≈ ##...##..........#
.§§ ##..............#
§§ #....######....# .
###### ##...# #....#
......# ......# ####..


There were no monsters in sight!

Vanquished Creatures
  A hornet (D:5)
  An ogre (D:4)
  A scorpion (D:5)
  A water moccasin zombie (D:5)
  A water moccasin skeleton (D:4)
  4 hounds
  2 bullfrog skeletons
  A gnoll shaman (D:5)
  An orc priest (D:3)
  A hound skeleton (D:4)
  4 adders
  4 gnolls
  A howler monkey skeleton (D:4)
  An ufetubus (D:5)
  2 worms (D:2)
  3 dart slugs
  6 orcs (D:3)
  6 ball pythons
  8 endoplasms
  9 giant cockroaches
  13 goblins
  4 hobgoblins
  7 jackals
  8 kobolds
  6 quokkas
  5 bats
  3 rats
104 creatures vanquished.

Notes
Turn   | Place    | Note
-------+----------+-------------------------------------------
     0 | D:1      | dranuc9 the Deep Elf Conjurer began the quest for the Orb.
     0 | D:1      | Reached XP level 1. HP: 10/10 MP: 6/6
   213 | D:1      | Reached XP level 2. HP: 15/15 MP: 6/8
   516 | D:1      | Reached skill level 5 in Conjurations
   968 | D:2      | Reached XP level 3. HP: 19/19 MP: 4/9
  1408 | D:2      | Found a shimmering altar of Xom.
  1694 | D:2      | Reached XP level 4. HP: 24/24 MP: 9/11
  2006 | D:2      | Learned a level 2 spell: Searing Ray
  2017 | D:3      | HP: 1/24 [orc/+0 short sword (5)]
  2594 | D:3      | Found an ornate altar of the Wu Jian Council.
  2605 | D:3      | Reached XP level 5. HP: 28/28 MP: 11/13
  2624 | D:3      | Reached skill level 6 in Conjurations
  3372 | D:4      | Identified the +0 ring mail "Myolicy" {rF+}
  3468 | D:4      | Found a stormy altar of Qazlal.
  3688 | D:4      | Found Naygof's Book Shoppe.
  3689 | D:4      | Noticed an ogre
  3706 | D:4      | Killed an ogre
  3707 | D:4      | Reached skill level 5 in Spellcasting
  3707 | D:4      | Reached XP level 6. HP: 33/33 MP: 4/16
  4383 | D:4      | Found a glowing golden altar of the Shining One.
  4573 | D:4      | Found Cayl's Weapon Emporium.
  4639 | D:4      | Found Buuwot's Jewellery Boutique.
  4667 | D:4      | Found Ycuxid Cuann's Weapon Shop.
  4764 | D:4      | Found Iraottop's Magic Scroll Emporium.
  4778 | D:4      | Found a runed translucent door.
  4778 | D:4      | Noticed DocClef's ghost (amateur GnFE)
  4829 | D:4      | Found a burning altar of Makhleb.
  5478 | D:5      | Entered Level 5 of the Dungeon
  5484 | D:5      | Reached skill level 7 in Conjurations
  5642 | D:5      | Reached XP level 7. HP: 37/37 MP: 10/18
  5854 | D:5      | Reached skill level 1 in Fighting
  6057 | D:5      | Found a glowing silver altar of Zin.
  6059 | D:5      | Found a hazy altar of Hepliaklqana.
  6138 | D:5      | Found Odyde's General Store.
  6241 | D:5      | Noticed a hornet
  6245 | D:5      | Paralysed by a hornet for 3 turns
  6249 | D:5      | Killed a hornet
  6250 | D:5      | Reached skill level 8 in Conjurations
  6250 | D:5      | HP: 1/38 [poisoned by a hornet]
  6251 | D:5      | Succumbed to a hornet's poison

Illustrated notes

Levels and vault maps discovered:
D:1:      ncdulo_wetmaze, layout_basic, minmay_misc_feat_ornament,
          hangedman_decor_slide_cut
D:2:      layout_loops_cross, basic_altar
D:3:      layout_rooms, nicolae_wu_jian_wuxing_cycle, portal_sewer_entry_f,
          serial_corexii_hall, corexii_hall_statues_x,
          corexii_hall_statues_deadend, chequers_hall_statues_wall_a
D:4:      layout_basic, mainiacjoe_overflow_paths, tso_altar,
          mainiacjoe_overflow_six_doors_small, serial_shops, nicolae_shop_stone,
          nicolae_diamond_shop, shop_fountains, nicolae_shop_advertising_works
          [nicolae_subvault_shop_adworks], nicolae_shop_bloodbath_and_beyond,
          gammafunk_ghost_grave
D:5:      layout_layer_cave, grunt_temple_overflow_open,
          mainiacjoe_overflow_large_starburst, serial_shops, nicolae_square_shop

Skill      XL: |  1  2  3  4  5  6  7 |
---------------+----------------------+-----
Conjurations   | 5 6 7 8 |  8.0
Stealth        | 3 4 |  4.2
Spellcasting   | 4 5 6 7 |  7.3
Dodging        | 3 |  3.2
Fighting       | 1 |  1.3
Short Blades   | |  0.3

Action                   |  1- 3 |  4- 6 |  7- 9 || total
-------------------------+-------+-------+-------++-------
Melee: Dagger            |     9 |     3 |       ||    12
 Cast: Magic Dart        |    59 |    97 |     5 ||   161
       Searing Ray       |       |    21 |    11 ||    32
  Use: Potion            |       |       |     1 ||     1
 Stab: Sleeping          |     3 |       |       ||     3
Armor: Robe              |       |     1 |     1 ||     2
Dodge: Dodged            |     4 |    10 |     9 ||    23
